 Dungeon Crawl Stone Soup version 0.25-a0-940-gc6eaff51cc (webtiles) character file.

Game seed: 2945330198344898113, levelgen mode: deterministic

57213 Hasart the Basher (level 14, -11/90 HPs)
             Began as a Gargoyle Fighter on May 5, 2020.
             Was the Champion of Okawaru.
             Shot with a bolt by a yaktaur captain (24 damage)
             ... on level 15 of the Dungeon on May 6, 2020.
             The game lasted 00:36:54 (15558 turns).

Hasart the Basher (Gargoyle Fighter)               Turns: 15558, Time: 00:36:56

Health: -11/90     AC: 31    Str: 22    XL:     14   Next: 85%
Magic:  20/20      EV:  9    Int: 11    God:    Okawaru [******]
Gold:   1235       SH: 12    Dex: 10    Spells: 13/13 levels left

rFire    + . .     SeeInvis .   g - +3 morningstar (flame)
rCold    . . .     Gourm    .   c - +0 kite shield
rNeg     + . .     Faith    .   T - +0 chain mail {rF+}
rPois    ∞         Spirit   .   D - +2 helmet
rElec    +         Reflect  .   K - +0 cloak
rCorr    .         Harm     .   Q - +2 pair of gloves of Kyly {MR+}
MR       +++..                  (no boots)
Stlth    ..........             m - amulet of regeneration
HPRegen  0.65/turn              R - +3 ring of slaying
MPRegen  0.17/turn              I - ring of protection from magic

@: about to teleport
A: big wings, negative energy resistance 1, electricity resistance, unbreathing,
petrification resistance, rot immunity, AC +10
a: Fly, Heroism, Finesse, Renounce Religion


You were on level 15 of the Dungeon.
You worshipped Okawaru.
Okawaru was exalted by your worship.
You were not hungry.

You visited 2 branches of the dungeon, and saw 16 of its levels.
You also visited: Sewer.

You collected 1370 gold pieces.
You spent 135 gold pieces at shops.

Inventory:

Hand Weapons
 g - a +3 morningstar of flaming (weapon)
Missiles
 p - 22 boomerangs
 N - 9 silver boomerangs
 O - 4 silver javelins
 S - 8 javelins (quivered)
Armour
 c - a +0 kite shield (worn)
 D - a +2 helmet (worn)
 K - a +0 cloak (worn)
 Q - the +2 pair of gloves of Kyly (worn) {MR+}
   (Okawaru gifted it to you on level 10 of the Dungeon)

   It affects your resistance to hostile enchantments.
 T - a +0 chain mail of fire resistance (worn)
Jewellery
 a - an uncursed amulet of the gourmand
 m - an amulet of regeneration (around neck)
 o - an uncursed ring of protection from cold
 z - an uncursed ring of resist corrosion
 I - a ring of protection from magic (right hand)
 R - a +3 ring of slaying (left hand)
Wands
 r - a wand of paralysis (11)
 s - a wand of iceblast (7)
 Y - a wand of disintegration (10)
Scrolls
 b - a scroll of torment {unknown}
 e - 12 scrolls of identify
 h - 2 scrolls of enchant weapon
 i - 4 scrolls of enchant armour
 t - 2 scrolls of fear
 B - 6 scrolls of teleportation
 H - a scroll of vulnerability {unknown}
 J - 4 scrolls of remove curse
 L - a scroll of silence {unknown}
 M - a scroll of amnesia
 W - 2 scrolls of fog
 X - 2 scrolls of brand weapon
Potions
 d - a potion of might
 j - 5 potions of degeneration {unknown}
 k - 7 potions of brilliance {unknown}
 l - 7 potions of curing {unknown}
 n - a potion of cancellation {unknown}
 q - 8 potions of heal wounds {unknown}
 v - a potion of magic {unknown}
 w - a potion of mutation {unknown}
 x - 2 potions of ambrosia {unknown}
 A - 2 potions of resistance
 F - a potion of haste {unknown}
 G - a potion of stabbing {unknown}
 P - a potion of lignification {unknown}
 U - a potion of invisibility {unknown}
Comestibles
 f - 36 rations
 u - 6 chunks of flesh


   Skills:
 + Level 11.3 Fighting
 * Level 13.9 Maces & Flails
 + Level 9.1 Throwing
 + Level 11.3 Armour
 + Level 3.7 Dodging
 + Level 11.3 Shields
 - Level 8.0 Invocations


You had 13 spell levels left.
You didn't know any spells.
Your spell library contained the following spells:

 Spells                   Type           Power        Failure   Level  Hunger
 Confusing Touch          Hex            #.......     100%        3    ####...
 Gell's Gravitas          Tloc           #.........   100%        3    ####...
 Petrify                  Tmut/Erth      #.......     100%        4    #####..
 Metabolic Englaciation   Hex/Ice        #.........   100%        5    ######.
 Yara's Violent Unravell  Hex/Tmut       #.........   100%        5    ######.


Dungeon Overview and Level Annotations

Branches:
Dungeon (15/15)            Temple (1/1) D:5            Lair (0/6) D:9
    Orc (0/2) D:9          Vaults (0/5) D:13         Depths (0/5) D:15
  Sewer (visited)

Altars:
Ashenzari
Cheibriados
Dithmenos
Elyvilon
Fedhas
Gozag
Hepliaklqana
Kikubaaqudgha
Makhleb
Nemelex Xobeh
Okawaru
Qazlal
Ru
Sif Muna
Trog
Uskayaw
Vehumet
Wu Jian
Xom
Yredelemnul
Zin
The Shining One
Jiyva

Shops:
D:12 ?

Annotations:
D:4 1 runed translucent door, whitenoisemaker's ghost, amateur DrFi


Innate Abilities, Weirdness & Mutations

You are resistant to torment.
Your stone body is resilient. (AC +10)
You are immune to poison.
Your large and strong wings let you fly indefinitely.
You resist negative energy. (rN+)
You are resistant to electric shocks. (rElec)
You can survive without breathing.
You are immune to petrification.
You are immune to rotting.


Message History

There is an open door here.
Unknown command.
You sock the centaur warrior! You burn the centaur warrior.
You kill the centaur warrior!
Okawaru accepts your kill.
Unknown command.
As you read the scroll of teleportation, it crumbles to dust.
You feel strangely unstable. You block the ettin's attack.
The ettin completely misses you.
An ogre mage opens the door.
You see here an arrow.
Things that are here:
a +2 long sword of draining; a +0 chain mail; an elf corpse The sphinx casts a spell.
Something smites you!
* * * LOW HITPOINT WARNING * * *
The yaktaur captain unwields a +0 dagger.
The yaktaur captain wields a +0 arbalest.
The yaktaur captain shoots a bolt.
The bolt hits you!!
You die...

#..#..# $%)§§##......#......##(.
......## ..#.#...P⌠.#'#...#.#[..
).<.<.##§. .#.+#..8P..#..#.#.#...
...<..##≈.##..#..⌠P..#+#.#..†#..#
......##≈.....'#......#......#..#
########≈.....###.#[####.#.#.#..(
#....)#+#)######'#'##.#' ≈
##+..<.).....≈##.#.#.####
.[##.#+...C@.##[≈##......#..
...'#.#'O(..#...≈##..#..#+#.
#..'#.#'..(#...§##.###..#..
#...'#c##....§§§##..#..#)#.
#.....H###≈≈≈§§§§##......#..
.}..... #≈##################
..).##.§≈################### ...
#§.≈ #................. #. .§.
#..<...#...#...#..


You could see a sphinx, a yaktaur captain, an ettin and an ogre mage.

Vanquished Creatures
  Jorgrun (D:15)
  A deep elf annihilator (D:15)
  An ogre mage (D:15)
  Josephine (D:11)
  4 vault guards (D:13)
  A hydra (D:11)
  Harold (D:7)
  6 centaur warriors
  8 two-headed ogres
  A death knight (D:14)
  A catoblepas (D:15)
  2 tengu warriors (D:15)
  5 skeletal warriors (D:14)
  4 unseen horrors
  A necromancer (D:15)
  An orc knight (D:15)
  3 wolf spiders (D:15)
  3 deep elf magi
  7 cyclopes
  An ugly thing (D:15)
  3 manticores
  3 centaur zombies
  Maurice (D:9)
  A guardian serpent (shapeshifter) (D:15)
  A gargoyle (D:14)
  3 kobold demonologists (D:13)
  A komodo dragon (D:9)
  2 efreet
  3 centaur skeletons
  A redback zombie (D:15)
  3 tengu conjurers
  A yaktaur (D:15)
  A polar bear (shapeshifter) (D:15)
  3 meliai (D:13)
  Prince Ribbit (D:9)
  3 trolls
  A queen bee (D:13)
  3 hornets
  6 slime creatures (D:14)
  3 hippogriffs
  A centaur simulacrum (D:15)
  A shadow (D:12)
  2 vampires
  9 wyverns
  14 yaks
  6 wraiths
  A basilisk (D:10)
  A yak (shapeshifter) (D:14)
  7 humans (D:13)
  Menkaure (D:7)
  A hungry ghost (D:10)
  4 vampire mosquitoes
  Edmund (D:6)
  3 acid dragons
  A water moccasin (D:10)
  5 ice beasts
  5 sky beasts
  5 orc warriors
  2 black bears
  A necrophage (D:8)
  A hornet zombie (D:9)
  2 eyes of draining (D:10)
  2 phantoms
  7 ogres
  3 centaurs
  3 big kobolds
  2 gnoll sergeants
  12 bullfrogs
  A big kobold (shapeshifter) (D:15)
  6 scorpions
  32 killer bees
  2 wights
  3 howler monkeys
  5 crimson imps
  8 hounds
  4 jellies
  3 bullfrog zombies (D:10)
  12 orc wizards
  11 orc priests
  A bullfrog skeleton (D:10)
  2 iguanas (D:10)
  8 worker ants
  A hound skeleton (D:8)
  A worker ant zombie (D:9)
  12 gnolls
  17 adders
  2 river rats (Sewer)
  3 shadow imps
  7 oozes
  2 adder skeletons
  6 worms
  4 dart slugs (D:1)
  6 leopard geckos
  48 orcs
  6 ball pythons (D:4)
  8 bats
  7 giant cockroaches
  7 goblins
  10 hobgoblins
  10 jackals
  10 kobolds
  A quokka (D:3)
  6 frilled lizards
  A quokka skeleton (D:4)
  A quokka zombie (D:7)
  15 rats
  A fungus (D:15)
490 creatures vanquished.

Vanquished Creatures (others)
  A human (D:13)
  A plant (D:9)
  4 toadstools (D:14)
6 creatures vanquished.

Grand Total: 496 creatures vanquished

Notes
Turn   | Place    | Note
-------+----------+-------------------------------------------
     0 | D:1      | Hasart the Gargoyle Fighter began the quest for the Orb.
     0 | D:1      | Reached XP level 1. HP: 14/14 MP: 1/1
    64 | D:1      | Reached XP level 2. HP: 13/19 MP: 2/2
   457 | D:1      | Reached XP level 3. HP: 23/23 MP: 3/3
  1433 | D:2      | Found a faded altar of an unknown god.
  1634 | D:2      | Reached skill level 3 in Maces & Flails
  1848 | D:3      | Reached XP level 4. HP: 22/29 MP: 4/4
  2257 | D:3      | Found a white marble altar of Elyvilon.
  2744 | D:3      | Reached XP level 5. HP: 31/33 MP: 5/5
  3251 | D:4      | Found a runed translucent door.
  3262 | D:4      | Noticed whitenoisemaker's ghost (amateur DrFi)
  3279 | D:4      | Reached skill level 4 in Maces & Flails
  3279 | D:4      | Reached skill level 1 in Throwing
  3279 | D:4      | Reached XP level 6. HP: 35/38 MP: 6/6
  3690 | D:5      | Entered Level 5 of the Dungeon
  3754 | D:5      | Found a staircase to the Ecumenical Temple.
  3768 | Temple   | Entered the Ecumenical Temple
  3947 | Temple   | Became a worshipper of Warmaster Okawaru
  4018 | D:5      | Got an encrusted dagger
  4101 | D:5      | Found a glowing drain.
  4124 | Sewer    | Entered a sewer
  4125 | Sewer    | Identified the +6 dagger of Sharkskin {vorpal, *Corrode rF+
                  | rC+} (You found it on level 5 of the Dungeon)
  4452 | Sewer    | Reached XP level 7. HP: 44/44 MP: 7/7
  4565 | D:5      | Reached * piety under Okawaru
  4565 | D:5      | Reached skill level 5 in Maces & Flails
  4709 | D:5      | Reached skill level 5 in Fighting
  4768 | D:5      | You fall into a shaft and drop 1 floor!
  4855 | D:5      | Noticed a moth of wrath
  4858 | D:5      | Found a bloodstained altar of Trog.
  4890 | D:5      | Reached skill level 5 in Armour
  5196 | D:6      | Reached skill level 5 in Shields
  5210 | D:6      | Reached XP level 8. HP: 49/49 MP: 8/8
  5620 | D:6      | Found an opulent altar of Gozag.
  5620 | D:6      | Found an ancient bone altar of Kikubaaqudgha.
  5625 | D:6      | Found a snail-covered altar of Cheibriados.
  5627 | D:6      | Found a faded altar of an unknown god.
  5628 | D:6      | Found a faded altar of an unknown god.
  5748 | D:6      | Noticed a cyclops
  5748 | D:6      | Noticed Edmund
  5761 | D:6      | Killed Edmund
  5761 | D:6      | Reached ** piety under Okawaru
  5761 | D:6      | Reached skill level 6 in Maces & Flails
  5767 | D:6      | Killed a cyclops
  5940 | D:6      | Reached XP level 9. HP: 25/55 MP: 9/9
  5953 | D:6      | Reached skill level 7 in Maces & Flails
  6249 | D:6      | Reached *** piety under Okawaru
  6434 | D:7      | Noticed Menkaure
  6453 | D:7      | Killed Menkaure
  6539 | D:7      | Noticed Harold
  6569 | D:7      | Killed Harold
  6569 | D:7      | Reached skill level 8 in Maces & Flails
  6573 | D:7      | Reached **** piety under Okawaru
  6866 | D:7      | Identified the +7 trident of Crusades {vorpal, rF+} (You
                  | found it on level 7 of the Dungeon)
  6907 | D:7      | Reached XP level 10. HP: 50/63 MP: 10/10
  6942 | D:7      | Reached skill level 1 in Invocations
  7168 | D:8      | Found a stormy altar of Qazlal.
  7168 | D:8      | Found a bloodstained altar of Trog.
  7694 | D:8      | Found a burning altar of Makhleb.
  7784 | D:9      | Noticed Prince Ribbit
  7817 | D:9      | Killed Prince Ribbit
  7917 | D:9      | Noticed Maurice
  8003 | D:9      | Reached skill level 5 in Throwing
  8024 | D:9      | Reached skill level 9 in Maces & Flails
  8102 | D:9      | Killed Maurice
  8223 | D:9      | Reached ***** piety under Okawaru
  8260 | D:9      | Received a gift from Okawaru
  8302 | D:9      | Found a staircase to the Lair.
  8363 | D:9      | Found a viscous altar of Jiyva.
  8476 | D:9      | Found a staircase to the Orcish Mines.
  8579 | D:10     | Entered Level 10 of the Dungeon
  8592 | D:10     | Received a gift from Okawaru
  8618 | D:10     | Reached XP level 11. HP: 61/68 MP: 13/13
  8843 | D:10     | Received a gift from Okawaru
  8846 | D:10     | Got a pair of dazzling gloves {god gift}
  8852 | D:10     | Identified the +2 pair of gloves of Kyly {MR+} (Okawaru
                  | gifted it to you on level 10 of the Dungeon)
  8926 | D:10     | Reached skill level 10 in Maces & Flails
  8945 | D:10     | Noticed a cyclops
  9001 | D:10     | Killed a cyclops
  9011 | D:10     | Noticed a centaur warrior
  9020 | D:10     | Killed a centaur warrior
  9237 | D:10     | Noticed a manticore
  9237 | D:10     | Noticed a manticore
  9246 | D:10     | Killed a manticore
  9254 | D:10     | Killed a manticore
  9423 | D:10     | Noticed a two-headed ogre
  9611 | D:10     | Reached skill level 5 in Invocations
  9896 | D:10     | Killed a two-headed ogre
 10239 | D:11     | Reached XP level 12. HP: 64/75 MP: 16/16
 10403 | D:11     | Reached skill level 11 in Maces & Flails
 10414 | D:11     | Received a gift from Okawaru
 10420 | D:11     | Noticed Josephine
 10438 | D:11     | Killed Josephine
 10513 | D:11     | Received a gift from Okawaru
 10733 | D:11     | Noticed an eight-headed hydra
 10740 | D:11     | Killed an eight-headed hydra
 10892 | D:12     | Found Miachoiss's Magic Scroll Shoppe.
 10903 | D:12     | Bought a scroll of enchant weapon for 135 gold pieces
 11583 | D:13     | Found a sparkling altar of Nemelex Xobeh.
 11756 | D:13     | Noticed a soul eater
 11819 | D:13     | Noticed a two-headed ogre
 11831 | D:13     | Killed a two-headed ogre
 11831 | D:13     | Received a gift from Okawaru
 11877 | D:13     | Reached ****** piety under Okawaru
 12163 | D:13     | Noticed a centaur warrior
 12180 | D:13     | Killed a centaur warrior
 12387 | D:13     | Noticed a centaur warrior
 12395 | D:13     | Killed a centaur warrior
 12451 | D:13     | Received a gift from Okawaru
 12488 | D:13     | Reached skill level 12 in Maces & Flails
 12503 | D:13     | Reached XP level 13. HP: 51/82 MP: 18/18
 12759 | D:13     | Noticed a vault guard
 12777 | D:13     | Reached skill level 10 in Armour
 12778 | D:13     | Noticed a vault guard
 12791 | D:13     | Killed a vault guard
 12791 | D:13     | Reached skill level 10 in Fighting
 12793 | D:13     | Noticed a vault guard
 12816 | D:13     | Killed a vault guard
 12816 | D:13     | Reached skill level 10 in Shields
 12820 | D:13     | Killed a vault guard
 12859 | D:13     | Noticed a vault guard
 12882 | D:13     | Killed a vault guard
 12913 | D:13     | Received a gift from Okawaru
 12939 | D:13     | Found a gate to the Vaults.
 13544 | D:14     | Reached skill level 1 in Dodging
 13837 | D:14     | Reached skill level 13 in Maces & Flails
 14249 | D:15     | Entered Level 15 of the Dungeon
 14275 | D:15     | Gained mutation: Your large and strong wings let you fly
                  | indefinitely. [Gargoyle growth]
 14275 | D:15     | Reached XP level 14. HP: 88/88 MP: 20/20
 14416 | D:15     | Found a sacrificial altar of Ru.
 14417 | D:15     | Found a shattered altar of Ashenzari.
 14417 | D:15     | Found a bloodstained altar of Trog.
 14470 | D:15     | Received a gift from Okawaru
 14758 | D:15     | Received a gift from Okawaru
 14819 | D:15     | Found a staircase to the Depths.
 15000 | D:15     | Noticed Jorgrun
 15003 | D:15     | Noticed a deep elf annihilator
 15026 | D:15     | Killed Jorgrun
 15040 | D:15     | Killed a deep elf annihilator
 15129 | D:15     | Received a gift from Okawaru
 15280 | D:15     | Received a gift from Okawaru
 15381 | D:15     | Received a gift from Okawaru
 15410 | D:15     | Noticed a sphinx
 15558 | D:15     | Shot with a bolt by a yaktaur captain

Levels and vault maps discovered:
D:1:      dpeg_arrival_central, layout_basic, nrook_mini_vaults
D:2:      layout_basic, chequers_ecumenical_altar_simple_redux,
          grunt_ministairs_11
D:3:      layout_basic, lemuel_round_altar, first_ration,
          minmay_misc_feat_square, minivault_27, minmay_increasing_density
D:4:      layout_cave_pools, ebering_ghost_sewer_d, minmay_snake_closets
D:5:      layout_loops_ring, minmay_temple_entry_offerings,
          portal_sewer_entry_d, tgw_trog
D:6:      minmay_chambers_of_sixes, layout_basic,
          chequers_temple_overflow_minitemple, serial_glass, glass_columns_a,
          glass_columns_b, item_on_display_a, feat_on_display, uniq_edmund
D:7:      layout_rooms, patterned_corridor, uniq_menkaure, uniq_harold
D:8:      layout_loops_ring, makhleb_blood_cavern_becter,
          gammafunk_temple_overflow_elements
D:9:      layout_big_octagon, david_lair_shrubbed, orc_0_dummy,
          hangedman_little_slice_of_home, uniq_maurice, uniq_prince_ribbit1
D:10:     hangedman_cross_veins, layout_loops_ring
D:11:     layout_loops_ring, kennysheep_crisscross, uniq_josephine
D:12:     layout_basic, serial_shops, shop
D:13:     layout_basic, ximxim_vaults_locker_room, special_room
          [special_room_bee], chequers_serial_rivers_micro_b,
          nemelex_xobeh_ov_fountains_minmay
D:14:     layout_loops_ring, minmay_gold_behind_fungi, minmay_fractal_squares_5
D:15:     hangedman_slaughterboxes, uniq_jorgrun
Temple:   regret_index_temple_waves

Skill      XL: |  1  2  3  4  5  6  7  8  9 10 11 12 13 14 |
---------------+-------------------------------------------+-----
Maces & Flails | 3 4 5 6 8 9 10 12 13 | 13.9
Fighting       | 4 5 6 7 8 9 10 11 | 11.3
Shields        | 4 5 6 7 8 9 10 11 | 11.3
Armour         | 4 5 7 8 9 10 11 | 11.3
Throwing       | 1 2 3 4 5 6 7 8 9 |  9.1
Invocations    | 3 5 6 8 |  8.0
Dodging        | 1 3 |  3.7

Action                   |  1- 3 |  4- 6 |  7- 9 | 10-12 | 13-15 || total
-------------------------+-------+-------+-------+-------+-------++-------
Melee: Flail             |   156 |   365 |   327 |   875 |       ||  1723
       Unarmed           |       |       |       |     1 |       ||     1
       Morningstar       |       |       |       |    99 |   590 ||   689
Throw: Throwing net      |       |       |     1 |       |       ||     1
       Boomerang         |       |       |       |    15 |       ||    15
       Javelin           |       |       |       |       |     8 ||     8
Invok: Heroism           |       |       |       |     1 |       ||     1
  Use: Scroll            |       |     1 |    13 |       |     1 ||    15
       Potion            |       |       |     1 |       |       ||     1
  Eat: Chunk             |     3 |    10 |     8 |    18 |    11 ||    50
       Ration            |       |       |       |     1 |       ||     1
Armor: Scale mail        |   106 |   158 |   181 |   272 |       ||   717
       Chain mail        |       |       |       |   224 |   349 ||   573
Dodge: Dodged            |    47 |   107 |   109 |   241 |   124 ||   628
Block: Kite shield       |    84 |   185 |   181 |   490 |   311 ||  1251

Table legend:
 A = Non-vault XP
 B = Vault XP
 C = Vault XP percentage of total XP
 D = Non-vault monster count
 E = Vault monster count
 F = Vault count percentage of total count
                 A         B        C        D         E       F
            +---------+---------+-------+---------+---------+-------
      Total |   33000 |   48734 |  59.6 |     309 |     180 |  36.8
            +---------+---------+-------+---------+---------+-------
        D:1 |      48 |       0 |   0.0 |      22 |       0 |   0.0
        D:2 |      20 |       3 |  13.0 |      13 |       2 |  13.3
        D:3 |      74 |      26 |  26.0 |      21 |       7 |  25.0
        D:4 |     172 |      49 |  22.2 |      16 |       9 |  36.0
        D:5 |     368 |      27 |   6.8 |      12 |       6 |  33.3
        D:6 |     630 |     869 |  58.0 |      11 |       6 |  35.3
        D:7 |    1104 |    1153 |  51.1 |      27 |       2 |   6.9
        D:8 |     541 |     146 |  21.3 |      17 |       2 |  10.5
        D:9 |    1724 |    1296 |  42.9 |      28 |      11 |  28.2
       D:10 |    4033 |    4679 |  53.7 |      42 |      18 |  30.0
       D:11 |    2687 |    1861 |  40.9 |      16 |       5 |  23.8
       D:12 |    2326 |       0 |   0.0 |      20 |       0 |   0.0
       D:13 |    7107 |    7723 |  52.1 |      28 |      35 |  55.6
       D:14 |   12163 |    2436 |  16.7 |      35 |       7 |  16.7
       D:15 |       3 |   28158 | 100.0 |       1 |      54 |  98.2
      Sewer |       0 |     308 | 100.0 |       0 |      16 | 100.0
            +---------+---------+-------+---------+---------+-------
